 Dungeon Crawl Stone Soup version 0.30.1-6-gbe392663c4 (webtiles) character file.

Game seed: 8644219222324330857

4076 Kurtz the Severer (level 10, -1/56 HPs)
             Began as a Tengu Fighter on Sept 20, 2023.
             Slain by a two-headed ogre
             ... wielding a +0 giant club
              (11 damage)
             ... on level 9 of the Dungeon.
             The game lasted 00:05:52 (7033 turns).

Kurtz the Severer (Tengu Fighter)                   Turns: 7033, Time: 00:05:52

Health: -1/56      AC: 13    Str: 20    XL:     10   Next: 25%
Magic:  11/11      EV:  8    Int:  9    God:
Gold:   552        SH:  5    Dex: 14    Spells: 9/9 levels left

rFire   . . .        b - +2 whip (venom)
rCold   + . .        c - +0 buckler
rNeg    . . .        y - +0 storm dragon scales
rPois   .            (helmet restricted)
rElec   +            t - +0 cloak
rCorr   .            L - +0 pair of gloves
SInv    .            (boots unavailable)
Will    .....        j - amulet of regeneration Stlth
                     H - ring of protection from cold
HPRegen 1.09/turn    (no ring)
MPRegen 0.12/turn

%: no passive effects
@: flying quickly and evasively, quick
A: beak, talons 3, nimble flight
a: no special abilities


You were on level 9 of the Dungeon.
You visited 2 branches of the dungeon, and saw 10 of its levels.

You collected 552 gold pieces.

Inventory:

Hand Weapons
 b - a +2 whip of venom (weapon)
 i - a +0 whip of electrocution
 F - a +3 war axe
 G - a +1 hand axe of electrocution
Missiles
 q - a throwing net
 C - 18 poisoned darts (quivered)
Armour
 c - a +0 buckler (worn)
 t - a +0 cloak (worn)
 y - +0 storm dragon scales (worn)
 L - a +0 pair of gloves (worn)
Jewellery
 j - an amulet of regeneration (around neck)
 B - an amulet of reflection
 H - a ring of protection from cold (left hand)
Wands
 u - a wand of roots (6)
 A - a wand of digging (1)
 K - a wand of mindburst (7)
Scrolls
 f - 2 scrolls of enchant armour {unknown}
 h - 2 scrolls of poison {unknown}
 k - 9 scrolls of identify {unknown}
 l - a scroll of fog {unknown}
 p - 6 scrolls of teleportation {unknown}
 s - 2 scrolls of blinking {unknown}
 w - 2 scrolls of immolation {unknown}
 z - a scroll of fear {unknown}
 D - a scroll of magic mapping {unknown}
 I - a scroll of amnesia {unknown}
 M - a scroll of vulnerability {unknown}
Potions
 a - 2 potions of heal wounds {unknown}
 d - 3 potions of might
 e - 3 potions of haste {unknown}
 g - 2 potions of mutation {unknown}
 m - a potion of magic {unknown}
 n - 2 potions of flight {unknown}
 o - a potion of ambrosia {unknown}
 r - 2 potions of attraction {unknown}
 v - 3 potions of curing {unknown}
 x - a potion of resistance {unknown}
 E - 3 potions of degeneration {unknown}
 J - a potion of brilliance {unknown}


   Skills:
 - Level 3.0 Fighting
 * Level 15.7 Axes
 - Level 3.2 Armour
 - Level 3.0 Shields


You had 9 spell levels left.
You didn't know any spells.
Your spell library contained the following spells:

 Spells                   Type           Power      Damage    Failure   Level
 Apportation              Tloc           0%         N/A       99%         1
 Freeze                   Ice            0%         1d3       99%         1
 Necrotise                Necr           0%         1d4       99%         1
 Summon Small Mammal      Summ           0%         N/A       99%         1
 Call Canine Familiar     Summ           0%         N/A       100%        3
 Frozen Ramparts          Ice            0%         1d1       100%        3
 Hailstorm                Conj/Ice       0%         3d3       100%        3
 Summon Guardian Golem    Hex/Summ       0%         N/A       100%        3
 Vampiric Draining        Necr           0%         2d6       100%        3
 Volatile Blastmotes      Fire/Tloc      0%         2d10      100%        3
 Fulminant Prism          Conj/Hex       0%         3d5       100%        4
 Iskenderun's Mystic Bla  Conj/Tloc      0%         2d3       100%        4
 Agony                    Necr           0%         N/A       100%        5
 Lee's Rapid Deconstruct  Erth           0%         3d4*      100%        5


Dungeon Overview and Level Annotations

Branches:
Dungeon (9/15)             Temple (1/1) D:5
   Lair: D:8-11         Orc: D:9-12

Altars:
Cheibriados
Dithmenos
Elyvilon
Hepliaklqana
Kikubaaqudgha
Makhleb
Nemelex Xobeh
Sif Muna
Trog
Uskayaw
Xom
Yredelemnul
The Shining One


Innate Abilities, Weirdness & Mutations

You have a beak for a mouth.
You have claws for feet.
Your magical nature lets you fly swiftly and evasively.


Message History

Your peck misses the two-headed ogre.
The two-headed ogre hits you with a +0 giant club!
The two-headed ogre hits you with a +0 giant spiked club!
You are too injured to fight recklessly!
You hit the two-headed ogre. You claw the two-headed ogre.
You peck the two-headed ogre, but do no damage.
The two-headed ogre is lightly wounded.
You are too injured to fight recklessly!
You hit the two-headed ogre but do no damage.
The two-headed ogre looks as sick as possible!
The two-headed ogre is moderately wounded.
The two-headed ogre hits you with a +0 giant club!
* * * LOW HITPOINT WARNING * * *
The two-headed ogre barely misses you.
You are too injured to fight recklessly!
You barely miss the two-headed ogre.
You claw the two-headed ogre, but do no damage.
The two-headed ogre is lightly wounded.
You are too injured to fight recklessly!
You hit the two-headed ogre.
The two-headed ogre looks as sick as possible!
The two-headed ogre is moderately wounded.
The two-headed ogre barely misses you.
The two-headed ogre hits you but does no damage.
You are too injured to fight recklessly!
You are too injured to fight recklessly!
You hit the two-headed ogre.
The two-headed ogre looks as sick as possible!
Your kick misses the two-headed ogre. You peck the two-headed ogre.
The two-headed ogre is moderately wounded.
You hit the two-headed ogre but do no damage.
Your kick misses the two-headed ogre.
The two-headed ogre is moderately wounded.
You are too injured to fight recklessly!
You whack the two-headed ogre!
The two-headed ogre looks as sick as possible!
You claw the two-headed ogre.
The two-headed ogre is heavily wounded.
The two-headed ogre hits you with a +0 giant club!
You die...

##...#
#...#
#...#
#..##
#..#
##.#
#.#
#.#
#@#
#O#
.D#
#...
#...
....#
#....
##...


You could see a two-headed ogre (extremely poisoned) and an acid dragon.

Vanquished Creatures
  A steam dragon (D:6)
  A wyvern (D:8)
  2 water moccasins
  Duvessa (D:4)
  4 sky beasts
  A black bear (D:4)
  3 orc warriors
  4 ice beasts
  3 centaurs
  An ogre (D:5)
  A phantom (D:5)
  2 bullfrogs
  A kobold brigand (D:8)
  A gnoll sergeant (D:5)
  8 wights
  Dowan (D:4)
  2 killer bees (D:9)
  5 howler monkeys
  4 hounds
  Crazy Yiuf (D:2)
  4 jellies
  3 iguanas
  12 orc wizards
  9 gnolls
  8 adders
  3 white imps
  An ufetubus (D:7)
  2 worms
  3 dart slugs
  47 orcs
  10 endoplasms
  8 giant cockroaches
  4 goblins
  9 hobgoblins
  3 jackals (D:1)
  2 quokkas
  5 ball pythons
  5 bats
  3 frilled lizards
  12 kobolds
  6 rats
206 creatures vanquished.

Notes
Turn   | Place    | Note
-------+----------+-------------------------------------------
     0 | D:1      | Kurtz the Tengu Fighter began the quest for the Orb.
     0 | D:1      | Reached XP level 1. HP: 14/14 MP: 2/2
   193 | D:1      | Reached skill level 3 in Axes
   193 | D:1      | Reached XP level 2. HP: 13/19 MP: 3/3
   482 | D:1      | Reached XP level 3. HP: 23/23 MP: 4/4
   748 | D:1      | Reached skill level 4 in Axes
  1149 | D:2      | Reached XP level 4. HP: 23/28 MP: 5/5
  1156 | D:2      | Reached skill level 5 in Axes
  1548 | D:2      | Found a runed translucent door.
  1549 | D:2      | Noticed Crazy Yiuf
  1640 | D:2      | Killed Crazy Yiuf
  1641 | D:2      | Gained mutation: Your magical nature lets you fly swiftly
                  | and evasively. [Tengu growth]
  1641 | D:2      | Reached XP level 5. HP: 32/32 MP: 6/6
  1717 | D:3      | Found a hazy altar of Hepliaklqana.
  1888 | D:3      | Reached skill level 6 in Axes
  1959 | D:3      | Noticed a sky beast
  2282 | D:3      | Killed a sky beast
  2283 | D:3      | Reached XP level 6. HP: 26/37 MP: 7/7
  2290 | D:3      | Reached skill level 7 in Axes
  3027 | D:4      | Noticed a black bear
  3030 | D:4      | Noticed Dowan
  3031 | D:4      | Killed a black bear
  3033 | D:4      | Noticed Duvessa
  3056 | D:4      | Killed Duvessa
  3057 | D:4      | Reached skill level 8 in Axes
  3057 | D:4      | Reached XP level 7. HP: 13/41 MP: 8/8
  3094 | D:4      | Killed Dowan
  3802 | D:5      | Entered Level 5 of the Dungeon
  3818 | D:5      | Reached skill level 9 in Axes
  4010 | D:5      | Found a sparkling altar of Nemelex Xobeh.
  4046 | D:5      | Reached XP level 8. HP: 27/46 MP: 9/9
  4083 | D:5      | Reached skill level 10 in Axes
  4142 | D:5      | Found a staircase to the Ecumenical Temple.
  4159 | Temple   | Entered the Ecumenical Temple
  4314 | D:5      | Reached skill level 11 in Axes
  4619 | D:5      | Found a shadowy altar of Dithmenos.
  4689 | D:5      | Found a glowing golden altar of the Shining One.
  4740 | D:5      | Reached skill level 12 in Axes
  4968 | D:6      | Reached XP level 9. HP: 50/50 MP: 10/10
  5258 | D:6      | Reached skill level 13 in Axes
  5943 | D:7      | Reached skill level 14 in Axes
  6318 | D:8      | Reached XP level 10. HP: 38/56 MP: 11/11
  6319 | D:8      | Reached skill level 15 in Axes
  6861 | D:8      | Identified the +2 scale mail "Xuontuef" {rF+ Int+3}
  7017 | D:9      | Noticed a two-headed ogre
  7033 | D:9      | Slain by a two-headed ogre

Illustrated notes

Levels and vault maps discovered:
D:1:      ebering_hopf_link, layout_loops_corners, minmay_worlds_worst_comb
D:2:      layout_loops_ring, minmay_diced_spiral, uniq_crazy_yiuf_cottage
D:3:      layout_basic, mainiacjoe_overflow_small_starburst,
          chequers_serial_rivers_room_b, minmay_starry_boxes
D:4:      minmay_recursive_quarters, layout_basic, uniq_duvessa
D:5:      layout_loops_corners, nemelex_dance_club_becter,
          grunt_dithmenos_shadows, mainiacjoe_overflow_tiny_flanked,
          minmay_temple_entry_glass
D:6:      layout_loops_ring, chequers_serial_rivers_room_a
D:7:      layout_basic
D:8:      layout_loops_cross, minivault_25, lightli_corner_chamber
D:9:      layout_cave_pods, nicolae_overflow_hidden_temple, lemuel_tele_altar,
          minmay_orc_entry_temple_small, serial_column_ruins, column_ruins_hut,
          column_ruins_open_large, column_ruins_columns_corner,
          column_ruins_open_tiny, column_ruins_open_tiny,
          nicolae_concentric_dashed_squares_mild, wad_floor_pattern_1
Temple:   nicolae_temple_cloud_nine

Skill      XL: |  1  2  3  4  5  6  7  8  9 10 |
---------------+-------------------------------+-----
Axes           | 3 4 5 6 8 9 12 14 15 | 15.7
Fighting       | |  3.0
Armour         | |  3.2
Shields        | |  3.0

Action                     |  1- 3 |  4- 6 |  7- 9 | 10-12 || total
---------------------------+-------+-------+-------+-------++-------
  Melee: War axe           |     9 |       |    39 |       ||    48
         Kick              |    18 |    31 |    94 |    29 ||   172
         Whip              |    74 |   122 |   151 |    16 ||   363
         Peck              |     9 |    17 |    53 |    11 ||    90
         Hand axe          |       |       |   160 |    58 ||   218
  Throw: Dart              |       |       |     4 |       ||     4
 Armour: Scale mail        |     2 |       |       |       ||     2
         Chain mail        |    47 |    58 |    10 |       ||   115
         Storm dragon scal |       |       |   132 |    19 ||   151
  Dodge: Dodged            |    26 |    41 |    69 |    25 ||   161
  Block: Buckler           |    17 |    26 |    56 |     7 ||   106
